AoeStats
← Quantum

Black Forest

504107814Analyzed
2v2 RM · 28d ago on Sep 3, 2026· 64m 44s· 4 players
Game mode
Random Map
Map size
Medium (4 player)
Population
200
Speed
Normal
Resources
Standard
Victory
Conquest
Starting age
Dark Age
Ending age
Imperial Age
RankedLock teamsTeams togetherTeam positionsShared explorationLock speedFull tech treeHidden civsTurbo modeCheats
Victory
Defeat
🇺🇸 Persians · United States
853
+10
🇧🇬 Celts · Bulgaria
817
+12
🇺🇸 Burgundians · United States
741
-12
🇹🇷 Khmer · Türkiye
696
-10
nordland11
0:29 Loom
16:09 Feudal Age
20:54 Castle Age
19:07 Horse Collar
19:35 Double-Bit Axe
20:42 Scale Mail Armor
20:53 Forging
20:43 Stone Mining
20:44 Gold Mining
22:54 Heavy Plow
23:21 Bow Saw
29:10 Caravan
30:14 Gold Shaft Mining
31:31 Wheelbarrow
34:03 Imperial Age
32:39 Stone Shaft Mining
32:54 Hand Cart
33:09 Chain Mail Armor
34:17 Iron Casting
35:36 Conscription
36:30 Plate Mail Armor
37:01 Blast Furnace
37:00 Furor Celtica
37:52 Town Watch
37:32 Elite Woad Raider
38:19 Onager
38:25 Capped Ram
39:45 Hoardings
43:13 Siege Onager
47:28 Arson
47:04 Pikeman
55:16 Halberdier
Imported Heineken™ ★
0:27 Loom
13:13 Feudal Age
18:26 Castle Age
26:54 Town Watch
30:22 Wheelbarrow
30:14 Pikeman
38:11 Imperial Age
37:18 Gold Mining
38:30 Bloodlines
38:20 Husbandry
38:36 Onager
40:34 Chemistry
39:53 Caravan
40:56 Conscription
42:17 Cavalier
43:34 Forging
43:25 Scale Mail Armor
43:30 Scale Barding Armor
43:15 Fletching
43:25 Padded Archer Armor
43:36 Savar
45:40 Hand Cart
45:13 Double-Bit Axe
46:00 Heavy Camel Rider
47:02 Light Cavalry
48:55 Ballistics
50:32 Citadels
53:25 Horse Collar
54:16 Bow Saw
55:26 Halberdier
55:31 Hussar
63:07 Two-Man Saw
62:08 Heavy Plow
62:10 Town Patrol
62:12 Heavy Scorpion
64:20 Crop Rotation
64:12 Capped Ram
Quantum
12:30 Feudal Age
14:41 Double-Bit Axe
17:20 Castle Age
18:07 Wheelbarrow
19:07 Bow Saw
21:05 Horse Collar
23:00 Padded Archer Armor
24:12 Loom
24:39 Heavy Plow
25:52 Gold Mining
26:22 Stone Mining
27:04 Fletching
28:03 Hand Cart
27:45 Town Watch
28:52 Husbandry
34:01 Gold Shaft Mining
39:05 Imperial Age
37:03 Caravan
37:45 Stone Shaft Mining
38:25 Leather Archer Armor
38:40 Tusk Swords
39:18 Elite Battle Elephant
39:44 Elite Ballista Elephant
41:14 Bloodlines
43:13 Town Patrol
43:45 Ring Archer Armor
43:11 Bodkin Arrow
43:25 Scale Barding Armor
43:31 Forging
50:25 Chain Barding Armor
50:41 Iron Casting
50:10 Bracer
53:37 Light Cavalry
55:43 Hussar
nathanst1996
0:31 Loom
13:55 Feudal Age
13:36 Wheelbarrow
12:50 Double-Bit Axe
12:56 Horse Collar
21:15 Gold Mining
21:16 Stone Mining
21:31 Heavy Plow
21:57 Bow Saw
22:52 Gold Shaft Mining
26:24 Castle Age
25:38 Stone Shaft Mining
29:26 Cavalier
30:18 Scale Barding Armor
30:24 Forging
30:17 Scale Mail Armor
30:08 Fletching
30:19 Padded Archer Armor
33:49 Iron Casting
33:38 Chain Barding Armor
35:04 Burgundian Vineyards
38:31 Two-Man Saw
37:52 Chain Mail Armor
37:32 Bodkin Arrow
37:53 Leather Archer Armor
41:18 Imperial Age
41:52 Husbandry
41:56 Squires
41:42 Arson
41:17 Pikeman
41:20 Elite Skirmisher
41:21 Crossbowman
41:24 Paladin
41:25 Light Cavalry
42:45 Plate Barding Armor
43:17 Crop Rotation
42:45 Capped Ram
44:01 Plate Mail Armor
44:35 Blast Furnace
45:05 Conscription
44:11 Hussar
48:34 Hand Cart
49:38 Elite Coustillier
56:58 Flemish Revolution
Connection lost

Rejoining the realm…

Still unreachable

The connection could not be restored.

Session expired

The server has moved on; the page needs a fresh start.